 Dungeon Crawl Stone Soup version 0.18.1-48-g4cf74bf (webtiles) character file.

2054436 tyranidshit the Conqueror (level 27, 273/273 HPs)
             Began as a Minotaur Berserker on July 17, 2016.
             Was a High Priest of Trog.
             Escaped with the Orb
             ... and 3 runes!
             The game lasted 05:19:52 (50406 turns).

tyranidshit the Conqueror (Minotaur Berserker)     Turns: 50406, Time: 05:19:52

Health: 273/273    AC: 43    Str: 37    XL:     27
Magic:  31/31      EV: 18    Int: 10    God:    Trog [*****.]
Gold:   4464       SH: 21    Dex: 11    Spells: 0 memorised, 26 levels left

rFire  + + +     SeeInvis .     d - +6 war axe of the Living Dead {speed, +Blink Int+6}
rCold  + + .     Gourm    .     a - +2 crystal plate armour
rNeg   . . .     Faith    .     J - +2 shield of Resistance {rF+ rC+ MR+}
rPois  +         Spirit   +     (helmet restricted)
rElec  +         Dismiss  .     x - +2 cloak
rCorr  .         Reflect  .     D - +1 pair of gloves "Padeusko" {rElec}
SustAt +         Harm     .     y - +2 pair of boots {run}
MR     +++..     Rnd*Tele +     V - amulet of guardian spirit
Stlth  ..........               Y - ring "Giuta" {rF+ rC+ Str+3}
                                e - ring "Lesioruje" {SustAt rPois Str+2 Slay+2}

@: quick, extremely resistant to hostile enchantments, extremely unstealthy
A: retaliatory headbutt, horns 2, clumsy 1, fire resistance 1, regeneration 1,
teleportitis 1
a: Berserk, Trog's Hand, Brothers in Arms, Burn Spellbooks, Renounce Religion,
Evoke Blink
0: Orb of Zot
}: 3/15 runes: serpentine, barnacled, silver


You escaped.
You worshipped Trog.
Trog was extremely pleased with you.
You were not hungry.

You visited 10 branches of the dungeon, and saw 54 of its levels.
You visited the Abyss 2 times.
You visited 1 bazaar.
You also visited: Trove and Ice Cave.

You collected 8076 gold pieces.
You spent 3612 gold pieces at shops.

Inventory:

Hand Weapons
 d - the +6 war axe of the Living Dead (weapon) {speed, +Blink Int+6}
   (Trog gifted it to you on level 2 of the Snake Pit)

   Attacks with this weapon are significantly faster.
   It affects your intelligence (+6).
   It lets you blink.
 t - the +10 battleaxe of Imminent Death {freeze, +Blink Str+3 Int-2 Dex+8}
   (You found it on level 3 of the Elven Halls)

   It has been specially enchanted to freeze those struck by it, causing extra
   injury to most foes and up to half again as much damage against particularly
   susceptible opponents.
   It can also slow down cold-blooded creatures.
   It affects your strength (+3).
   It affects your intelligence (-2).
   It affects your dexterity (+8).
   It lets you blink.
Armour
 a - a +2 crystal plate armour (worn)
 b - a +2 pearl dragon armour
 s - the +3 warlock's mirror {reflect}
   (You acquired it on level 2 of the Snake Pit)
 x - a +2 cloak (worn)
 y - a +2 pair of boots of running (worn)
 D - the +1 pair of gloves "Padeusko" (worn) {rElec}
   (You acquired it on level 2 of the Lair of Beasts)

   It insulates you from electricity.
 J - the +2 shield of Resistance (worn) {rF+ rC+ MR+}
   (You found it on level 5 of the Lair of Beasts)

   It protects you from fire.
   It protects you from cold.
   It affects your resistance to hostile enchantments.
Jewellery
 e - the ring "Lesioruje" (left hand) {SustAt rPois Str+2 Slay+2}
   (You took it off a merfolk on level 4 of the Shoals)

   [ring of sustain attributes]

   It sustains your strength, intelligence and dexterity.
   It affects your strength (+2).
   It affects your accuracy and damage with ranged weapons and melee attacks
   (+2).
   It protects you from poison.
 k - the ring "Xezaid" {rC+ Int-4 Dex+4 Stlth+}
   (You found it on level 3 of the Depths)

   [ring of protection from cold]

   It affects your intelligence (-4).
   It affects your dexterity (+4).
   It protects you from cold.
   It makes you more stealthy.
 v - a +3 ring of evasion
 V - an amulet of guardian spirit (around neck)
 X - the ring "Pacun Ohint" {Ice rElec Int+5}
   (You found it in a treasure trove)

   [ring of ice]

   It enhances your ice magic, and weakens your fire magic.
   It affects your intelligence (+5).
   It makes you vulnerable to fire.
   It protects you from cold.
   It insulates you from electricity.
 Y - the ring "Giuta" (right hand) {rF+ rC+ Str+3}
   (You took it off a deep elf high priest on level 3 of the Elven Halls)

   [ring of protection from cold]

   It affects your strength (+3).
   It protects you from fire.
   It protects you from cold.
Wands
 l - a wand of heal wounds (4/9)
 w - a wand of heal wounds (0/9)
 S - a wand of teleportation (3/9)
Scrolls
 f - 6 scrolls of fear
 g - a scroll of magic mapping
 h - 28 scrolls of remove curse
 m - 7 scrolls of blinking
 n - 4 scrolls of recharging
 o - 13 scrolls of teleportation
 q - 8 scrolls of fog
 r - 4 scrolls of identify
 N - 7 scrolls of summoning
 P - a scroll of silence
Potions
 c - 6 potions of ambrosia
 i - 4 potions of heal wounds
 j - 5 potions of might
 p - 2 potions of invisibility
 u - 5 potions of magic
 A - 22 potions of curing
 C - 3 potions of berserk rage
 I - 5 potions of resistance
 L - 9 potions of brilliance
 O - 4 potions of cure mutation
 Q - 5 potions of flight
 T - a potion of haste
 W - a potion of agility
Miscellaneous
 G - 4 phantom mirrors
 M - a box of beasts
 U - a lamp of fire
Comestibles
 z - 29 fruits
 B - 3 meat rations
 E - 12 beef jerkies
 F - 10 slices of pizza
 H - 7 bread rations


   Skills:
 O Level 27 Fighting
 + Level 24.4 Axes
 + Level 24.9 Armour
 + Level 23.5 Dodging
 + Level 24.3 Shields
 - Level 12.6 Evocations


You had 26 spell levels left.
You didn't know any spells.

Dungeon Overview and Level Annotations

Branches:
Dungeon (15/15)            Temple (0/1) D:6            Lair (8/8) D:11
 Shoals (4/4) Lair:3        Snake (4/4) Lair:6        Slime (0/6) Lair:8
    Orc (2/2) D:12            Elf (3/3) Orc:2        Vaults (5/5) D:14
  Crypt (3/3) Vaults:3     Depths (5/5) D:15            Zot (5/5) Depths:5
   Tomb: Crypt:3

Altars:
Cheibriados
Dithmenos
Elyvilon
Fedhas
Kikubaaqudgha
Makhleb
Nemelex Xobeh
Pakellas
Trog
Vehumet
Xom
Yredelemnul
Zin
The Shining One
Jiyva

Shops:
D:7 ?   D:11 *!(!   Orc:2 *[:(   Elf:2 (   Elf:3 (   Snake:2 }   Snake:3 *
Vaults:1 (   Vaults:5 :   Depths:4 %[[

Portals:
Hell: Lair:8 Depths:1 Depths:2 Depths:3 Depths:4 Depths:5
Abyss: Depths:3 Depths:4 Depths:5
Pandemonium: Depths:3
Ziggurat: Depths:4

Annotations:
Orc:2 1 exclusion
Vaults:2 1 exclusion


Innate Abilities, Weirdness & Mutations

You reflexively headbutt those who attack you in melee.
You have a pair of horns on your head.
You are clumsy. (Dex -2)
Your flesh is heat resistant.
Your natural rate of healing is unusually fast.
You are occasionally teleported next to monsters.


Message History

There is a stone staircase leading down here.
Unknown command.
A reaper comes into view. It is wielding a scythe of venom.
You block the reaper's attack. You block the reaper's attack.
You hit the reaper but do no damage.
You headbutt the reaper, but do no damage.
You slice the reaper!!
The reaper is moderately wounded.
You carve the reaper like a ham!!!
You kill the reaper!
Trog accepts your kill.
You see here a scythe of venom.
There is an open door here.
A shadow demon comes into view.
The shadow demon gives a loud, deep croak!
There is an open door here.
The shadow demon gestures.
There is a staircase leading out of the dungeon here.
You have escaped!

#.##...# #.
#.##...# #.
#.#.##...#####.
#.#.##...##....
#.#.##...##....
#.#.#....##....
#.#............
####.###...###.###
#@##.#.......#.#
#....#.#...#.#.#
####2#.#...#.#.#
#.#.#...#.#.#
#.#.#...#.#.#
######
###2#'#...#.#.###
#....#
#.....)...###.#..
#....# #.........#
#.#.. #....#
#......#### #.#..


You could see a shadow demon.

Vanquished Creatures
  8 ancient liches
  6 orbs of fire
  A pandemonium lord (Zot:1)
  2 juggernauts
  Norris (Snake:3)
  2 Killer Klowns (Zot:5)
  2 curse toes
  Jory (Depths:5)
  7 golden dragons
  3 bone dragons
  6 electric golems
  A hellephant (Abyss:2)
  5 liches
  24 Orb Guardians
  16 tentacled monstrosities
  4 deep elf blademasters (Elf:3)
  Asterion (Elf:1)
  5 titans
  8 ancient champions
  The ghost of tyranidshit the Warrior, an adept MiBe of Trog (Shoals:3)
  5 tengu reavers
  10 death cobs
  7 sphinxes
  14 storm dragons
  8 shadow dragons
  Kirke (Shoals:4)
  9 greater nagas
  4 draconian monks
  A thorn hunter (Depths:2)
  Roxanne (Shoals:2)
  Ilsuiw (Shoals:4)
  3 revenants (Crypt:3)
  A daeva (Abyss:2)
  Donald (Crypt:1)
  5 draconian knights
  11 frost giants
  12 fire giants
  An iron dragon (Depths:3)
  10 draconian zealots
  13 deep elf sorcerers
  6 vault wardens
  2 ghost moths (Zot:4)
  A balrug (Depths:1)
  5 deep elf elementalists (Elf:3)
  8 ghouls
  A juggernaut zombie (Depths:4)
  7 orc warlords
  3 curse skulls
  2 draconian annihilators
  3 draconian scorchers
  4 draconian shifters
  3 reapers
  11 ironheart preservers
  The ghost of junkhipster the Peltast, a journeyman GrFi of Cheibriados (Shoals:3)
  2 war gargoyles (Vaults:5)
  18 very ugly things
  3 draconian callers
  25 stone giants
  An ophan (Depths:2)
  13 vampire knights
  11 black draconians
  A salamander stormcaller (Vaults:5)
  11 deep elf demonologists
  17 green draconians
  Azrael (D:14)
  10 purple draconians
  10 mottled draconians
  7 red draconians
  3 dire elephants
  12 white draconians
  10 deep elf annihilators
  5 yellow draconians
  16 jiangshi
  A blizzard demon (Depths:2)
  11 deep elf death magi
  6 merfolk impalers
  5 merfolk javelineers (Shoals:4)
  23 fire dragons
  6 eidola
  10 ettins
  A minotaur (Depths:2)
  A crystal guardian (Depths:2)
  30 vault guards
  12 yaktaur captains
  Harold (Orc:1)
  A quicksilver dragon zombie (Crypt:1)
  9 deep elf high priests
  Josephine (D:10)
  A quicksilver dragon skeleton (Crypt:3)
  6 great orbs of eyes
  17 ice dragons
  Fannar (Lair:1)
  5 entropy weavers
  A spriggan air mage (Depths:5)
  10 hydras
  7 rakshasas
  30 anacondas
  8 centaur warriors
  12 naga warriors
  3 merfolk avatars
  An alligator snapping turtle (Depths:2)
  A juggernaut simulacrum (Depths:4)
  5 merfolk aquamancers (Shoals:4)
  5 death knights
  An alligator (Depths:2)
  9 ogre magi
  31 dancing weapons
  4 deep troll shamans
  13 shock serpents
  6 deep troll earth magi
  3 satyrs
  3 death yaks
  3 tengu warriors
  25 naga sharpshooters
  11 vampire magi
  3 orc high priests (Orc:2)
  3 thrashing horrors (Abyss:2)
  4 spriggan berserkers
  A storm dragon zombie (Crypt:2)
  4 spriggans
  Urug (Lair:1)
  3 sun demons
  2 wretched stars (Abyss:2)
  Sonja (Lair:1)
  2 soul eaters
  16 deep elf knights
  2 unseen horrors (D:13)
  23 skeletal warriors
  2 fire crabs
  A shadow wraith (Crypt:3)
  17 sea snakes
  5 giant orange brains
  4 hell knights (Depths:1)
  5 flayed ghosts
  A ghost moth zombie (Crypt:2)
  22 deep trolls
  A golden dragon zombie (Crypt:3)
  A death drake (Depths:3)
  An anaconda zombie (Crypt:3)
  The ghost of junkhipster the Shield-Bearer, a novice GrFi of Cheibriados (D:7)
  20 naga ritualists
  5 ironbrand convokers
  13 hill giants
  20 orc knights
  5 deep elf archers
  5 lindwurms
  A shadow dragon zombie (Depths:4)
  9 harpies
  7 phantasmal warriors
  4 wizards
  23 griffons
  18 mana vipers
  An anaconda skeleton (Crypt:2)
  An anubis guard (shapeshifter) (Vaults:5)
  3 necromancers
  10 orc sorcerers
  A wolf spider (shapeshifter) (Vaults:5)
  A frost giant zombie (Depths:4)
  5 wolf spiders
  12 fauns
  34 ugly things
  A shining eye (shapeshifter) (Vaults:1)
  A mana viper (shapeshifter) (Vaults:3)
  2 sixfirhies
  3 hornets
  A manticore (shapeshifter) (Elf:1)
  56 deep elf magi
  11 manticores
  15 moths of wrath
  8 large abominations
  A hell hog skeleton (Crypt:1)
  8 salamanders
  12 cyclopes
  16 guardian serpents
  29 naga magi
  A fire giant skeleton (Crypt:2)
  8 elephants
  2 moths of wrath (shapeshifter) (Vaults:2)
  14 vault sentinels
  68 black mambas
  3 rust devils
  Maurice (D:11)
  2 smoke demons
  4 sirens
  Joseph (D:7)
  A guardian serpent (shapeshifter) (Vaults:5)
  6 torpor snails
  4 water nymphs
  A spiny frog (shapeshifter) (Depths:2)
  An elf skeleton (Depths:4)
  A green draconian zombie (Crypt:1)
  A rime drake (shapeshifter) (Depths:2)
  2 efreet (D:15)
  8 spiny frogs
  8 orange demons
  5 rime drakes
  3 tengu conjurers
  2 hellwings
  A komodo dragon (shapeshifter) (D:15)
  7 freezing wraiths
  55 yaktaurs
  A grey draconian zombie (Crypt:2)
  2 yaktaurs (shapeshifter)
  2 ancient zymes (Abyss:2)
  4 guardian mummies (Crypt:3)
  8 komodo dragons
  A red devil (D:8)
  A queen bee (shapeshifter) (Vaults:5)
  5 ice devils
  A polar bear (shapeshifter) (D:13)
  A two-headed ogre (shapeshifter) (Vaults:2)
  13 two-headed ogres
  7 trolls
  2 jumping spiders
  18 merfolk
  An entropy weaver zombie (Crypt:1)
  A wind drake (Shoals:3)
  17 polar bears
  A raiju (shapeshifter) (Vaults:3)
  4 bog bodies
  A harpy skeleton (Crypt:3)
  30 slime creatures
  A boulder beetle (Vaults:2)
  3 raiju (Abyss:2)
  5 snapping turtles
  10 blink frogs
  A death drake skeleton (Crypt:3)
  A starcursed mass (Abyss:2)
  Sigmund (D:6)
  A fire dragon skeleton (Crypt:3)
  2 shadows
  A wyvern (D:14)
  2 vampires (Crypt:3)
  3 ynoxinuls
  3 tarantellas
  4 air elementals
  A centaur simulacrum (D:14)
  16 redbacks
  13 wraiths
  70 yaks
  6 fire bats
  5 water elementals
  2 basilisks
  9 small abominations
  A steam dragon (D:9)
  2 hogs (Shoals:4)
  2 chaos spawn
  9 hippogriffs
  A mottled dragon (D:14)
  A neqoxec (D:6)
  9 fire elementals
  A hog (shapeshifter) (Vaults:1)
  2 hungry ghosts
  10 vampire mosquitoes
  A monstrous demonspawn zombie (Crypt:3)
  Menkaure (D:6)
  A harpy simulacrum (Depths:2)
  7 wargs
  57 nagas
  A soldier ant (shapeshifter) (Depths:1)
  A glowing shapeshifter zombie (Crypt:3)
  12 porcupines
  3 giant eyeballs
  A merfolk skeleton (Crypt:1)
  18 water moccasins
  A porcupine (shapeshifter) (D:15)
  Duvessa (D:7)
  9 hell hounds
  41 orc warriors
  11 ice beasts
  A swamp drake (Depths:3)
  A ghost crab zombie (Crypt:2)
  4 wasps
  An eye of draining (D:13)
  A spiny frog skeleton (Crypt:3)
  4 sky beasts
  A boggart (Depths:4)
  3 black bears
  4 phantoms
  4 necrophages
  48 ogres
  11 crocodiles
  23 wolves
  11 centaurs
  A torpor snail zombie (Crypt:3)
  6 big kobolds
  A gnoll sergeant (D:8)
  20 giant frogs
  3 earth elementals
  A salamander skeleton (Crypt:1)
  Dowan (D:7)
  4 jellies
  A water moccasin zombie (D:5)
  A wyvern skeleton (D:13)
  8 scorpions
  A water moccasin skeleton (Crypt:2)
  9 killer bees
  A manticore simulacrum (Crypt:3)
  A spriggan zombie (Crypt:2)
  An elf simulacrum (Vaults:1)
  15 wights
  An electric eel (Snake:4)
  2 howler monkeys
  3 crimson imps
  5 giant frog zombies
  3 centaur zombies
  2 quasits
  20 orc priests
  4 centaur skeletons
  A gnoll shaman (D:8)
  5 hounds
  9 iguanas
  2 giant frog skeletons
  Natasha (twice) (D:2)
  8 worker ants
  27 orc wizards
  A killer bee zombie (D:6)
  29 sheep
  A felid zombie (Crypt:1)
  A naga skeleton (Crypt:3)
  An ogre zombie (Crypt:1)
  2 worker ant zombies
  A hell rat skeleton (Crypt:1)
  10 gnolls
  19 adders
  78 river rats
  4 shadow imps
  2 white imps
  An ufetubus (Abyss:2)
  3 adder zombies
  A halfling zombie (Crypt:2)
  2 adder skeletons
  A lava snake skeleton (Crypt:3)
  8 worms
  2 dart slugs
  2 giant geckos
  114 orcs
  10 bats
  9 giant cockroaches
  11 goblins
  10 hobgoblins
  12 jackals
  3 quokkas
  11 ball pythons
  A giant gecko zombie (D:5)
  8 giant newts
  A jackal zombie (D:5)
  22 kobolds
  A kobold zombie (Crypt:1)
  A quokka skeleton (D:5)
  8 rats
  7 crawling corpses
  16 fungi
  18 plants
  2 tentacles (Shoals:4)
2698 creatures vanquished.

Vanquished Creatures (collateral kills)
  An orc high priest (Orc:2)
  An orc sorcerer (Orc:2)
  5 orc warriors (Orc:2)
  An orc priest (Orc:2)
  3 orc wizards (Orc:2)
  2 orcs (Orc:2)
13 creatures vanquished.

Vanquished Creatures (others)
  A vault warden (Vaults:5)
  A deep elf elementalist (Vaults:5)
  A draconian caller (Zot:4)
  A fire dragon (Zot:5)
  An ogre mage (Depths:2)
  A thrashing horror (Abyss:2)
  A lindwurm (Depths:3)
  A guardian serpent (Snake:1)
  A moth of wrath (Zot:5)
  3 humans (Shoals:4)
  A naga (Snake:4)
  A water moccasin (Lair:8)
  A wolf (IceCv)
  An orc wizard (Vaults:2)
  A briar patch (Depths:2)
  7 fungi
  3 lost souls
  20 plants
  10 tentacles (Shoals:4)
  211 tentacle segments (Shoals:4)
268 creatures vanquished.

Grand Total: 2979 creatures vanquished

Notes
Turn   | Place    | Note
--------------------------------------------------------------
     0 | D:1      | tyranidshit the Minotaur Berserker began the quest for the Orb.
     0 | D:1      | Reached XP level 1. HP: 19/19 MP: 0/0
    51 | D:1      | Reached skill level 4 in Fighting
   143 | D:1      | Reached XP level 2. HP: 25/27 MP: 1/1
   220 | D:1      | Reached ** piety under Trog
   360 | D:1      | Reached skill level 5 in Fighting
   645 | D:2      | Reached XP level 3. HP: 29/36 MP: 2/2
   689 | D:2      | Found a radiant altar of Vehumet.
   765 | D:2      | Reached XP level 4. HP: 30/44 MP: 3/3
   767 | D:2      | Reached skill level 6 in Fighting
   895 | D:2      | Found an oddly glowing altar of Pakellas.
  1029 | D:2      | Noticed Natasha
  1033 | D:2      | Killed Natasha
  1227 | D:2      | Noticed Natasha
  1231 | D:2      | Killed Natasha
  1231 | D:2      | Reached skill level 7 in Fighting
  1231 | D:2      | Reached XP level 5. HP: 52/52 MP: 4/4
  1337 | D:3      | Reached *** piety under Trog
  1750 | D:3      | Reached **** piety under Trog
  1751 | D:3      | Reached skill level 8 in Fighting
  1811 | D:4      | Reached XP level 6. HP: 36/61 MP: 5/5
  1863 | D:4      | Gained mutation: Your natural rate of healing is unusually fast. [potion of mutation]
  1863 | D:4      | Gained mutation: You are agile. (Dex +2) [potion of mutation]
  1863 | D:4      | Gained mutation: You have a pair of large horns on your head. [potion of mutation]
  1868 | D:4      | Found a snail-covered altar of Cheibriados.
  1978 | D:4      | Found a glowing silver altar of Zin.
  2104 | D:4      | Reached skill level 9 in Fighting
  2235 | D:5      | Entered Level 5 of the Dungeon
  2251 | D:5      | Found a blossoming altar of Fedhas.
  2264 | D:5      | Found a white marble altar of Elyvilon.
  2358 | D:5      | Reached XP level 7. HP: 67/71 MP: 6/6
  2393 | D:5      | Reached skill level 10 in Fighting
  2432 | D:5      | Found a shimmering altar of Xom.
  2631 | D:5      | Reached skill level 11 in Fighting
  2676 | D:5      | Reached XP level 8. HP: 69/82 MP: 7/7
  3110 | D:6      | Reached skill level 12 in Fighting
  3113 | D:6      | Found a staircase to the Ecumenical Temple.
  3222 | D:6      | Reached ***** piety under Trog
  3413 | D:6      | Noticed Menkaure
  3417 | D:6      | Killed Menkaure
  3512 | D:6      | Noticed Sigmund
  3519 | D:6      | Killed Sigmund
  3519 | D:6      | Reached skill level 5 in Armour
  3519 | D:6      | Reached skill level 5 in Dodging
  3712 | D:6      | Reached XP level 9. HP: 86/90 MP: 8/8
  3770 | D:7      | Noticed junkhipster's ghost (novice GrFi)
  3778 | D:7      | Killed junkhipster's ghost
  3808 | D:7      | Noticed Joseph
  3814 | D:7      | Killed Joseph
  3821 | D:7      | Noticed Dowan
  3827 | D:7      | Noticed Duvessa
  3831 | D:7      | Killed Duvessa
  3831 | D:7      | Received a gift from Trog
  3842 | D:7      | Killed Dowan
  4078 | D:7      | Found Sucrapta's Magic Scroll Shoppe.
  4086 | D:7      | Bought a scroll of enchant weapon for 90 gold pieces
  4086 | D:7      | Bought a scroll of enchant weapon for 90 gold pieces
  4086 | D:7      | Bought a scroll of enchant weapon for 90 gold pieces
  4086 | D:7      | Bought a scroll of enchant armour for 90 gold pieces
  4406 | D:7      | Found a bloodstained altar of Trog.
  4664 | D:8      | Found a sparkling altar of Nemelex Xobeh.
  5263 | D:9      | Reached XP level 10. HP: 97/97 MP: 9/9
  5383 | D:9      | Reached skill level 10 in Armour
  5423 | D:9      | Found a shadowy altar of Dithmenos.
  5842 | D:9      | Found a glowing golden altar of the Shining One.
  5843 | D:9      | Found an ancient bone altar of Kikubaaqudgha.
  5887 | D:10     | Entered Level 10 of the Dungeon
  5888 | D:10     | Noticed a centaur warrior
  5898 | D:10     | Killed a centaur warrior
  5898 | D:10     | Reached skill level 10 in Dodging
  5916 | D:10     | Noticed a hill giant
  5923 | D:10     | Killed a hill giant
  6055 | D:10     | Noticed a hill giant
  6058 | D:10     | Noticed a hill giant
  6062 | D:10     | Killed a hill giant
  6062 | D:10     | Reached skill level 13 in Fighting
  6066 | D:10     | Killed a hill giant
  6066 | D:10     | Received a gift from Trog
  6066 | D:10     | Reached XP level 11. HP: 107/107 MP: 10/10
  6268 | D:10     | Noticed Josephine
  6286 | D:10     | Killed Josephine
  6286 | D:10     | Reached skill level 14 in Fighting
  6557 | D:11     | Reached skill level 15 in Fighting
  6568 | D:11     | Found Wemus's General Store.
  6631 | D:11     | Noticed Maurice
  6644 | D:11     | Killed Maurice
  6692 | D:11     | Found Olohischonic's Distillery.
  6766 | D:11     | Found Zaza's Antique Weapon Shoppe.
  6774 | D:11     | Bought a glowing broad axe for 96 gold pieces
  6827 | D:11     | Found a staircase to the Lair.
  6845 | D:11     | Found Ekhyiku's Distillery.
  7074 | Lair:1   | Entered Level 1 of the Lair of Beasts
  7111 | Lair:1   | Noticed Urug
  7120 | Lair:1   | Killed Urug
  7140 | Lair:1   | Noticed Sonja
  7156 | Lair:1   | Killed Sonja
  7272 | Lair:1   | Reached XP level 12. HP: 94/122 MP: 11/11
  7356 | Lair:1   | Noticed Fannar
  7370 | Lair:1   | Killed Fannar
  7370 | Lair:1   | Reached skill level 5 in Axes
  7601 | Lair:1   | Reached ****** piety under Trog
  7872 | Lair:2   | Found a frozen archway.
  7883 | Lair:2   | Received a gift from Trog
  7890 | Lair:2   | Got a smoking short sword
  7898 | Lair:2   | Identified the cursed +0 short sword of Innocence {pierce, Int+6} (You found it on level 2 of the Lair of Beasts)
  7903 | Lair:2   | Identified a scroll of acquirement
  7906 | Lair:2   | Got a pair of brightly glowing gloves
  7917 | Lair:2   | Identified the +1 pair of gloves "Padeusko" {rElec} (You acquired it on level 2 of the Lair of Beasts)
  7927 | IceCv    | Entered an ice cave
  8042 | IceCv    | Noticed a death yak
  8047 | IceCv    | Killed a death yak
  8079 | IceCv    | Reached skill level 10 in Axes
  8205 | IceCv    | Noticed a white draconian
  8205 | IceCv    | Noticed a death yak
  8223 | IceCv    | Killed a death yak
  8231 | IceCv    | Killed a white draconian
  8740 | Lair:2   | Reached XP level 13. HP: 108/128 MP: 12/12
  8747 | Lair:2   | Received a gift from Trog
  9149 | Lair:3   | Found a staircase to the Shoals.
  9223 | Lair:3   | Reached skill level 16 in Fighting
  9556 | Lair:4   | Received a gift from Trog
 10077 | Lair:5   | Reached skill level 17 in Fighting
 10175 | Lair:5   | Reached skill level 1 in Shields
 10240 | Lair:5   | Found a bloodstained altar of Trog.
 10453 | Lair:5   | Reached skill level 5 in Shields
 10764 | Lair:6   | Found a staircase to the Snake Pit.
 10981 | Lair:6   | Received a gift from Trog
 11444 | Lair:7   | Reached XP level 14. HP: 112/140 MP: 13/13
 11951 | Lair:7   | Reached skill level 10 in Shields
 11989 | Lair:7   | Found a snail-covered altar of Cheibriados.
 12139 | Lair:8   | Entered Level 8 of the Lair of Beasts
 12459 | Lair:8   | Found a staircase to the Slime Pits.
 12504 | Lair:8   | Found a viscous altar of Jiyva.
 12754 | Lair:8   | Reached skill level 15 in Axes
 12857 | Lair:8   | Found a burning altar of Makhleb.
 12876 | Lair:8   | Found a gateway to Hell.
 13303 | D:12     | Found a shimmering altar of Xom.
 13496 | D:12     | Received a gift from Trog
 13498 | D:12     | Reached skill level 1 in Evocations
 13594 | D:12     | Found a staircase to the Orcish Mines.
 13806 | D:13     | Reached XP level 15. HP: 124/147 MP: 16/16
 13950 | D:13     | Reached skill level 5 in Evocations
 14507 | D:14     | Received a gift from Trog
 14553 | D:14     | Noticed Azrael
 14562 | D:14     | Killed Azrael
 14764 | D:14     | Found a gate to the Vaults.
 14868 | Orc:1    | Entered Level 1 of the Orcish Mines
 14868 | Orc:1    | Noticed Harold
 14878 | Orc:1    | Killed Harold
 15033 | Orc:1    | You fall through a shaft!
 15033 | Orc:2    | Entered Level 2 of the Orcish Mines
 15475 | Orc:1    | Received a gift from Trog
 15537 | Orc:2    | Noticed an orc warlord
 15563 | Orc:2    | Killed an orc warlord
 15611 | Orc:2    | Found a staircase to the Elven Halls.
 15668 | Orc:2    | Reached skill level 10 in Evocations
 15812 | Orc:2    | Paralysed by an orc sorcerer for 5 turns
 15820 | Orc:2    | Paralysed by an orc sorcerer for 3 turns
 15892 | Orc:2    | Received a gift from Trog
 15911 | Orc:2    | Noticed an orc warlord
 15923 | Orc:2    | Killed an orc warlord
 16042 | Orc:2    | Found Sofyodefu's Antique Armour Shop.
 16043 | Orc:2    | Found Zutiowk's Antique Weapon Boutique.
 16046 | Orc:2    | Found Hein's General Store.
 16046 | Orc:2    | Found Rawarr's Book Shop.
 16169 | Orc:2    | Found Sofyodefu's Antique Armour Shop.
 16169 | Orc:2    | Found Zutiowk's Antique Weapon Boutique.
 16171 | Orc:2    | Found Hein's General Store.
 16171 | Orc:2    | Found Rawarr's Book Shop.
 16181 | Orc:2    | Bought a jewelled buckler for 304 gold pieces
 16181 | Orc:2    | Bought a pair of embroidered boots for 144 gold pieces
 16204 | Orc:2    | Identified the cursed +0 buckler "Naun" {Str+3} (You bought it in a shop on level 2 of the Orcish Mines)
 16392 | Orc:2    | Found a staircase to the Elven Halls.
 16543 | Shoals:1 | Entered Level 1 of the Shoals
 16631 | Shoals:1 | Reached skill level 18 in Fighting
 16639 | Shoals:1 | Reached XP level 16. HP: 93/157 MP: 22/22
 17037 | Shoals:2 | Received a gift from Trog
 17280 | Shoals:2 | Noticed Roxanne
 17431 | Shoals:2 | Killed Roxanne
 17593 | Shoals:3 | Noticed tyranidshit's ghost (adept MiBe)
 17624 | Shoals:3 | Killed tyranidshit's ghost
 17895 | Shoals:3 | Noticed junkhipster's ghost (journeyman GrFi)
 17936 | Shoals:3 | Killed junkhipster's ghost
 18069 | Shoals:4 | Entered Level 4 of the Shoals
 18129 | Shoals:4 | Noticed Ilsuiw
 18148 | Shoals:4 | Reached skill level 19 in Fighting
 18166 | Shoals:4 | Noticed Kirke
 18328 | Shoals:4 | Killed Ilsuiw
 18480 | Shoals:4 | Received a gift from Trog
 18515 | Shoals:4 | Noticed a kraken
 18565 | Shoals:4 | Got a steaming lead ring
 18719 | Shoals:4 | Killed Kirke
 19068 | Shoals:4 | Reached XP level 17. HP: 157/168 MP: 25/25
 19161 | Shoals:4 | Identified Sif Muna's Guide on Unstable Attacks
 19235 | Shoals:4 | Received a gift from Trog
 19351 | Shoals:4 | Got a barnacled rune of Zot
 19673 | Lair:6   | Identified the ring "Lesioruje" {SustAt rPois Str+2 Slay+2} (You took it off a merfolk on level 4 of the Shoals)
 19729 | Snake:1  | Entered Level 1 of the Snake Pit
 19735 | Snake:1  | Received a gift from Trog
 19738 | Snake:1  | Got a fine hand axe {god gift}
 19739 | Snake:1  | Identified the +1 hand axe "Sevvosyz" {speed, +Rage rC+ Int+4} (Trog gifted it to you on level 1 of the Snake Pit)
 20572 | Snake:2  | Received a gift from Trog
 20578 | Snake:2  | Got a scorched war axe {god gift}
 20579 | Snake:2  | Identified the +6 war axe of the Living Dead {speed, +Blink Int+6} (Trog gifted it to you on level 2 of the Snake Pit)
 21144 | Snake:2  | Found Puehedauq's Gadget Shoppe.
 21154 | Snake:2  | Bought a wand of heal wounds (5/9) for 864 gold pieces
 21666 | Snake:3  | Reached XP level 18. HP: 118/177 MP: 26/26
 21669 | Snake:3  | Noticed Norris
 21689 | Snake:3  | Killed Norris
 21726 | Snake:3  | Found Oqeitz's Assorted Antiques.
 21847 | Snake:3  | Reached skill level 20 in Fighting
 22194 | Snake:4  | Entered Level 4 of the Snake Pit
 22277 | Snake:4  | Received a gift from Trog
 22380 | Snake:4  | Reached skill level 21 in Fighting
 22809 | Snake:4  | Received a gift from Trog
 22999 | Snake:4  | Reached skill level 22 in Fighting
 23108 | Snake:4  | Reached XP level 19. HP: 152/192 MP: 27/27
 23123 | Snake:4  | Received a gift from Trog
 23205 | Snake:4  | Got a serpentine rune of Zot
 23597 | Snake:3  | Bought a glowing ivory ring for 120 gold pieces
 23885 | Vaults:1 | Entered Level 1 of the Vaults
 23898 | Vaults:1 | Received a gift from Trog
 23899 | Vaults:1 | Reached skill level 15 in Armour
 24837 | Vaults:1 | Found Ariulum's Antique Weapon Shoppe.
 25147 | Vaults:2 | Received a gift from Trog
 25932 | Vaults:2 | Reached XP level 20. HP: 200/200 MP: 28/28
 26223 | Vaults:3 | Received a gift from Trog
 26226 | Vaults:3 | Reached skill level 15 in Dodging
 26236 | Vaults:3 | Cast into level 2 of the Abyss (a wizard)
 26238 | Abyss:2  | Found a corrupted altar of Lugonu.
 26651 | Abyss:2  | Reached skill level 15 in Shields
 26757 | Vaults:3 | Escaped the Abyss
 26990 | Vaults:3 | Received a gift from Trog
 27001 | Vaults:3 | Found a staircase to the Crypt.
 27915 | Vaults:4 | Reached skill level 23 in Fighting
 27934 | Vaults:4 | Received a gift from Trog
 28496 | Vaults:4 | Found a portal to a secret trove of treasure.
 28890 | Trove    | Entered a treasure trove
 28901 | Trove    | Got an ancient brass ring
 28927 | Trove    | Identified the ring "Pacun Ohint" {Ice rElec Int+5} (You found it in a treasure trove)
 29083 | Vaults:5 | Entered Level 5 of the Vaults
 29083 | Vaults:5 | Noticed an ancient lich
 29098 | Vaults:5 | Reached skill level 24 in Fighting
 29106 | Vaults:5 | Killed an ancient lich
 29106 | Vaults:5 | Reached XP level 21. HP: 200/215 MP: 27/29
 29108 | Vaults:5 | Reached * piety under Trog
 29145 | Vaults:5 | Reached skill level 25 in Fighting
 29248 | Vaults:5 | Got a flickering brass ring
 29271 | Vaults:5 | Identified the ring "Tenkot" {rPois rC+} (You found it on level 5 of the Vaults)
 29290 | Vaults:5 | Identified a +1 pair of boots of running (You found it on level 5 of the Vaults)
 29356 | Vaults:5 | Paralysed by a sphinx for 5 turns
 29482 | Vaults:5 | Reached skill level 26 in Fighting
 29631 | Vaults:5 | Found Sopp's Book Shoppe.
 29888 | Vaults:5 | Got a steaming scale mail
 29889 | Vaults:5 | Identified the +2 scale mail of Inviolability {rC+ MR- Str+4} (You found it on level 5 of the Vaults)
 30030 | Vaults:5 | Reached XP level 22. HP: 187/232 MP: 30/30
 30088 | Vaults:5 | Reached skill level 27 in Fighting
 30334 | Vaults:5 | Noticed an ancient lich
 30337 | Vaults:5 | Paralysed by an ancient lich for 4 turns
 30346 | Vaults:5 | Killed an ancient lich
 30374 | Vaults:5 | Got a silver rune of Zot
 30803 | Vaults:2 | Got a scorched broad axe {god gift}
 30804 | Vaults:2 | Identified the +9 broad axe of the Shoals {chop, Str+4} (Trog gifted it to you on level 2 of the Vaults)
 30881 | Vaults:1 | Gained mutation: You are weak. (Str -2) [a shining eye]
 30883 | Vaults:1 | Gained mutation: You are very weak. (Str -4) [a shining eye]
 30884 | Vaults:1 | Gained mutation: You tend to lose your temper in combat. [a shining eye]
 30889 | Vaults:1 | Received a gift from Trog
 31040 | Elf:1    | Entered Level 1 of the Elven Halls
 31168 | Elf:1    | Lost mutation: You are agile. (Dex +2) [potion of cure mutation]
 31168 | Elf:1    | Lost mutation: You tend to lose your temper in combat. [potion of cure mutation]
 31168 | Elf:1    | Lost mutation: You are very weak. (Str -4) [potion of cure mutation]
 31168 | Elf:1    | Lost mutation: You have a pair of large horns on your head. [potion of cure mutation]
 31377 | Elf:1    | Found an ancient bone altar of Kikubaaqudgha.
 31392 | Elf:1    | Noticed Asterion
 31404 | Elf:1    | Killed Asterion
 31952 | Elf:2    | Found Doin's Weapon Boutique.
 32221 | Elf:2    | Found a runed gate.
 32221 | Elf:2    | Found a runed gate.
 32222 | Elf:2    | Found a runed gate.
 32794 | Elf:3    | Entered Level 3 of the Elven Halls
 32965 | Elf:3    | Found Tuppyequq's Antique Weapon Emporium.
 32968 | Elf:3    | Bought a shimmering hand axe for 320 gold pieces
 32968 | Elf:3    | Identified the +6 hand axe "Vunipit" {chop, Int+3} (You bought it in a shop on level 3 of the Elven Halls)
 33471 | Elf:3    | Received a gift from Trog
 33746 | Elf:3    | HP: 10/233 [ghostly deep elf annihilator/crystal spear (64)]
 33759 | Elf:3    | Identified the Guide on Gliding Calling
 33790 | Elf:3    | Got a pitted falchion
 33797 | Elf:3    | Got a transparent battleaxe
 33805 | Elf:3    | Identified the +10 battleaxe of Imminent Death {freeze, +Blink Str+3 Int-2 Dex+8} (You found it on level 3 of the Elven Halls)
 33827 | Elf:3    | Got a brightly glowing platinum ring
 33828 | Elf:3    | Identified the ring "Gufiuh" {rPois MR+} (You found it on level 3 of the Elven Halls)
 33849 | Elf:3    | Reached XP level 23. HP: 78/240 MP: 8/31
 34075 | Elf:3    | Received a gift from Trog
 34099 | Elf:3    | Got a smoking steel ring
 34116 | Elf:3    | Cast into level 3 of the Abyss (a deep elf demonologist)
 34166 | Abyss:3  | Found a corrupted altar of Lugonu.
 34178 | Elf:3    | Escaped the Abyss
 34313 | Elf:3    | Identified the ring "Giuta" {rF+ rC+ Str+3} (You took it off a deep elf high priest on level 3 of the Elven Halls)
 35066 | D:15     | Entered Level 15 of the Dungeon
 35798 | D:15     | Found a staircase to the Depths.
 35824 | Depths:1 | Entered Level 1 of the Depths
 35890 | Depths:1 | Received a gift from Trog
 35962 | Depths:1 | Gained mutation: Your flesh is heat resistant. [potion of beneficial mutation]
 36461 | Depths:1 | Received a gift from Trog
 37455 | Depths:2 | Reached XP level 24. HP: 249/249 MP: 31/31
 37933 | Depths:3 | Received a gift from Trog
 38001 | Depths:3 | Paralysed by a giant eyeball for 2 turns
 38153 | Depths:3 | Gained mutation: You are very weak. (Str -4) [a neqoxec]
 38225 | Depths:3 | Paralysed by the power of Zot for 5 turns
 38358 | Depths:3 | Got a fine platinum ring
 38374 | Depths:3 | Identified the ring "Xezaid" {rC+ Int-4 Dex+4 Stlth+} (You found it on level 3 of the Depths)
 38522 | Depths:3 | Found a one-way gate leading to the halls of Pandemonium.
 38753 | Depths:3 | Found a one-way gate to the infinite horrors of the Abyss.
 38991 | Depths:4 | Noticed a juggernaut
 39006 | Depths:4 | Killed a juggernaut
 39006 | Depths:4 | Received a gift from Trog
 39118 | Depths:4 | Found a flickering gateway to a bazaar.
 39151 | Depths:4 | Received a gift from Trog
 39159 | Bazaar   | Entered a bazaar
 39161 | Bazaar   | Found Zocie's Gadget Boutique.
 39165 | Bazaar   | Found Biabo's Book Boutique.
 39165 | Bazaar   | Found Doycsif's Assorted Antiques.
 39165 | Bazaar   | Found Aheuguw's Weapon Boutique.
 39195 | Bazaar   | Bought a scroll of acquirement for 1404 gold pieces
 39399 | Depths:4 | Found Replen's Antique Armour Emporium.
 39405 | Depths:4 | Found Omynk's Antique Armour Shop.
 39765 | Depths:4 | Found Toecs's Food Shoppe.
 39818 | Depths:4 | Found a gateway to a ziggurat.
 40176 | Depths:5 | Entered Level 5 of the Depths
 40516 | Depths:5 | Noticed a juggernaut
 40533 | Depths:5 | Killed a juggernaut
 40533 | Depths:5 | Reached XP level 25. HP: 257/257 MP: 26/31
 40540 | Depths:5 | Received a gift from Trog
 40760 | Depths:5 | Noticed Jory
 40820 | Depths:5 | Killed Jory
 40940 | Depths:5 | Paralysed by a giant eyeball for 3 turns
 40967 | Depths:5 | Paralysed by a lich for 7 turns
 41242 | Depths:5 | Found a gate to the Realm of Zot.
 41255 | Zot:1    | Entered Level 1 of the Realm of Zot
 41539 | Zot:1    | Received a gift from Trog
 41729 | Zot:1    | Got a pair of crude gloves
 41740 | Zot:1    | Identified the cursed -3 pair of gloves of Indecent Exposure {rF+++ rC+ Str-3} (You found it on level 1 of the Realm of Zot)
 43185 | Zot:3    | Reached XP level 26. HP: 266/266 MP: 31/31
 43383 | Zot:3    | Received a gift from Trog
 43635 | Zot:3    | Noticed an orb of fire
 43636 | Zot:3    | Gained mutation: You are clumsy. (Dex -2) [an orb of fire]
 43649 | Zot:3    | Killed an orb of fire
 44701 | Zot:4    | Received a gift from Trog
 45553 | Crypt:1  | Entered Level 1 of the Crypt
 45702 | Crypt:1  | Got a translucent ring mail
 45703 | Crypt:1  | Identified the +3 ring mail "Gureng" {Dex+4} (You found it on level 1 of the Crypt)
 45799 | Crypt:1  | Noticed Donald
 45811 | Crypt:1  | Killed Donald
 46398 | Crypt:2  | Reached XP level 27. HP: 154/273 MP: 19/31
 46939 | Crypt:3  | Entered Level 3 of the Crypt
 47057 | Crypt:3  | Paralysed by something for 3 turns
 47238 | Crypt:3  | Found a basalt altar of Yredelemnul.
 47336 | Crypt:3  | Found an ancient bone altar of Kikubaaqudgha.
 48666 | Zot:5    | Entered Level 5 of the Realm of Zot
 48671 | Zot:5    | Got a ripped robe
 48672 | Zot:5    | Identified the cursed +0 robe of Oluosaeh {Int+2} (You found it on level 5 of the Realm of Zot)
 48976 | Zot:5    | Noticed an ancient lich
 48990 | Zot:5    | Killed an ancient lich
 49047 | Zot:5    | Noticed an orb of fire
 49050 | Zot:5    | Noticed an orb of fire
 49064 | Zot:5    | Killed an orb of fire
 49067 | Zot:5    | Killed an orb of fire
 49070 | Zot:5    | Noticed an orb of fire
 49092 | Zot:5    | Killed an orb of fire
 49094 | Zot:5    | Noticed an ancient lich
 49104 | Zot:5    | Noticed an ancient lich
 49114 | Zot:5    | Killed an ancient lich
 49121 | Zot:5    | Noticed an ancient lich
 49123 | Zot:5    | Killed an ancient lich
 49123 | Zot:5    | Received a gift from Trog
 49147 | Zot:5    | Killed an ancient lich
 49306 | Zot:5    | Noticed an orb of fire
 49310 | Zot:5    | Gained mutation: You tend to lose your temper in combat. [an orb of fire]
 49317 | Zot:5    | Killed an orb of fire
 49324 | Zot:5    | Noticed an orb of fire
 49342 | Zot:5    | Killed an orb of fire
 49351 | Zot:5    | Noticed an ancient lich
 49354 | Zot:5    | Noticed an ancient lich
 49372 | Zot:5    | Killed an ancient lich
 49373 | Zot:5    | Killed an ancient lich
 49404 | Zot:5    | Got the Orb of Zot
 49576 | Zot:1    | Noticed Cuqifuyg the pandemonium lord
 49590 | Zot:1    | Killed Cuqifuyg the pandemonium lord
 49606 | Zot:1    | Lost mutation: You are very weak. (Str -4) [potion of cure mutation]
 49606 | Zot:1    | Lost mutation: You are weak. (Str -2) [potion of cure mutation]
 49606 | Zot:1    | Lost mutation: You tend to lose your temper in combat. [potion of cure mutation]
 49828 | Depths:3 | Noticed a seraph
 50011 | D:9      | Noticed Kanacs Leyp the pandemonium lord
 50205 | D:6      | Gained mutation: You are occasionally teleported next to monsters. [a neqoxec]
 50406 | D:$      | Escaped with the Orb!

Skill      XL: |  1  2  3  4  5  6  7  8  9 10 11 12 13 14 15 16 17 18 19 20 21 22 23 24 25 26 27 |
---------------+----------------------------------------------------------------------------------+-----
Fighting       | 4 5 7 8 9 11 12 13 15 17 18 19 22 24 26 27 | 27.0
Armour         | 5 9 10 11 12 13 14 16 18 20 21 22 23 24 | 24.9
Dodging        | 5 8 10 11 12 13 14 15 17 18 20 22 23 | 23.5
Axes           | 4 12 13 16 18 21 22 24 | 24.4
Shields        | 9 10 11 12 14 15 17 19 20 21 22 24 | 24.3
Evocations     | 3 10 12 | 12.6

Action                   |  1- 3 |  4- 6 |  7- 9 | 10-12 | 13-15 | 16-18 | 19-21 | 22-24 | 25-27 || total
-------------------------+-------+-------+-------+-------+-------+-------+-------+-------+-------++-------
Melee: Hand axe          |    57 |     3 |       |       |       |       |       |       |       ||    60
       Headbutt          |     9 |    13 |    41 |    97 |   287 |   372 |   421 |   621 |   803 ||  2664
       War axe           |       |   128 |   172 |   285 |  1152 |  1233 |  1186 |  1792 |  2259 ||  8207
       Glaive            |       |       |       |   106 |       |       |       |       |       ||   106
       Broad axe         |       |       |       |       |       |   109 |       |       |       ||   109
       Battleaxe         |       |       |       |       |       |       |       |       |    25 ||    25
Invok: Berserk           |     1 |       |     2 |     5 |    13 |     7 |     3 |     3 |    10 ||    44
       Trog's Hand       |     1 |       |     1 |     7 |    10 |    26 |    12 |    21 |    29 ||   107
       Burn Spellbooks   |       |     1 |     1 |     1 |     2 |     4 |     5 |     6 |     3 ||    23
       Brothers in Arms  |       |       |       |       |     2 |       |       |       |       ||     2
 Abil: Stop Flying       |       |       |       |       |     1 |     1 |       |       |       ||     2
       Evoke Flight      |       |       |       |       |       |     1 |       |       |       ||     1
       Evoke Blink       |       |       |       |       |       |       |     7 |    10 |     2 ||    19
Evoke: Wand              |       |       |       |       |       |    12 |     7 |    15 |     6 ||    40
  Use: Scroll            |     4 |     7 |     8 |     8 |     9 |    18 |    12 |    28 |    10 ||   104
       Potion            |     1 |     5 |     4 |     7 |     1 |     5 |     8 |     6 |     8 ||    45
 Stab: Sleeping          |       |     3 |       |       |       |       |       |       |       ||     3
       Invisible         |       |       |     3 |       |       |       |       |       |       ||     3
       Distracted        |       |       |       |       |     1 |       |       |     3 |       ||     4
       Confused          |       |       |       |       |       |       |       |       |     1 ||     1
  Eat: Bread ration      |       |     1 |     1 |     1 |     6 |     3 |     1 |     2 |     3 ||    18
       Meat ration       |       |     1 |       |     3 |     4 |     2 |     3 |     4 |     6 ||    23
       Beef jerky        |       |       |     1 |       |       |     1 |       |       |       ||     2
       Fruit             |       |       |     2 |     1 |       |     2 |    12 |    13 |     6 ||    36
       Chunk             |       |       |     1 |       |       |       |       |       |       ||     1
       Royal jelly       |       |       |       |       |       |     3 |       |       |     1 ||     4
       Pizza             |       |       |       |       |       |     1 |       |       |     1 ||     2
Armor: Animal skin       |    13 |     3 |       |       |       |       |       |       |       ||    16
       Robe              |       |    12 |       |       |       |       |       |       |       ||    12
       Chain mail        |       |    28 |   115 |    42 |       |       |       |       |       ||   185
       Plate armour      |       |       |       |   313 |   526 |   477 |   213 |       |       ||  1529
       Pearl dragon armo |       |       |       |       |       |       |    65 |   311 |   177 ||   553
       Crystal plate arm |       |       |       |       |       |       |       |    68 |   622 ||   690
Dodge: Dodged            |    54 |    82 |   110 |   355 |   349 |   309 |   305 |   414 |   766 ||  2744
Block: Shield            |       |       |       |       |   315 |       |       |       |  1381 ||  1696
       Large shield      |       |       |       |       |   507 |  1429 |  1151 |  1498 |    93 ||  4678
